 Dungeon Crawl Stone Soup version 0.25-a0-504-g768f60da87 (webtiles) character file.

Game seed: 6915133663551785340, levelgen mode: deterministic

537 Kohma the Chiller (level 7, -4/57 HPs)
             Began as a Red Draconian Ice Elementalist on Feb 14, 2020.
             Slain by a centaur (9 damage)
             ... on level 5 of the Dungeon.
             The game lasted 00:08:22 (4449 turns).

Kohma the Chiller (Red Draconian Ice Elementalist)  Turns: 4449, Time: 00:08:22

Health: -4/57      AC:  6    Str: 11    XL:     7   Next: 5%
Magic:  8/13       EV: 12    Int: 17    God:
Gold:   157        SH:  0    Dex: 11    Spells: 10/14 levels left

rFire    + . .     SeeInvis .   f - +0 dagger
rCold    . . .     Gourm    .   (no shield)
rNeg     . . .     Faith    .   (armour unavailable)
rPois    .         Spirit   .   (helmet restricted)
rElec    .         Reflect  .   (no cloak)
rCorr    .         Harm     .   (no gloves)
MR       .....                  (no boots)
Stlth    ++........             (no amulet)
HPRegen  0.19/turn              (no ring)
MPRegen  0.13/turn              (no ring)

@: no status effects
A: breathe fire, unfitting armour, fire resistance 1, cold-blooded, AC +6
a: Breathe Fire


You were on level 5 of the Dungeon.
You were not hungry.

You visited 1 branch of the dungeon, and saw 5 of its levels.

You collected 157 gold pieces.

Inventory:

Hand Weapons
 f - a +0 dagger (weapon)
 p - a +0 falchion
Missiles
 c - 22 sling bullets
 o - 15 poisoned darts (quivered)
 t - a throwing net
Jewellery
 e - an uncursed amulet of faith
 h - a +3 ring of intelligence {unknown}
Wands
 k - a wand of iceblast (6)
Scrolls
 a - a scroll of remove curse
 i - 3 scrolls of identify {unknown}
 m - a scroll of blinking {unknown}
 q - 2 scrolls of enchant armour {unknown}
 r - a scroll of noise {unknown}
 s - a scroll of immolation {unknown}
 u - a scroll of magic mapping {unknown}
Potions
 d - a potion of agility {unknown}
 g - 2 potions of cancellation {unknown}
 j - a potion of curing {unknown}
 l - a potion of heal wounds {unknown}
 n - a potion of might {unknown}
Comestibles
 b - 9 rations


   Skills:
 + Level 3.4 Fighting
 + Level 2.3 Long Blades
 - Level 1.7 Dodging
 - Level 1.7 Stealth
 - Level 4.0 Spellcasting
 * Level 5.1 Ice Magic


You had 10 spell levels left.
You knew the following spells:

 Your Spells              Type           Power        Failure   Level  Hunger
a - Freeze                Ice            ###.         1%          1    None
b - Frozen Ramparts       Ice            ###...       6%          3    ###....

Your spell library contained the following spells:

 Spells                   Type           Power        Failure   Level  Hunger
 Ozocubu's Armour         Chrm/Ice       ##......     17%         3    ###....
 Hailstorm                Conj/Ice       ##......     50%         4    ####...
 Summon Ice Beast         Ice/Summ       ##......     50%         4    ####...


Dungeon Overview and Level Annotations

Branches:
Dungeon (5/15)
 Temple: D:4-7

Altars:
Elyvilon
Nemelex Xobeh
Wu Jian
Zin


Innate Abilities, Weirdness & Mutations

You can breathe blasts of fire.
Your fiery red scales are hard. (AC +6)
You cannot fit into any form of body armour.
Your flesh is heat resistant. (rF+)
You are cold-blooded and may be slowed by cold attacks.


Message History

* * * LOW HITPOINT WARNING * * *
The centaur barely misses you.
Casting: Freeze (safe; 1% risk of failure)
Confirm with . or Enter, or press ? or * to list all spells.
Aiming: Freeze (safe; 1% risk of failure)
Press: ? - help, Shift-Dir - straight line, f/p - centaur
Aim: a centaur, quivering 20 arrows (moderately wounded, encased in ice)
You freeze the centaur.
The centaur is heavily wounded.
The centaur closely misses you.
Casting: Freeze (safe; 1% risk of failure)
Confirm with . or Enter, or press ? or * to list all spells.
Aiming: Freeze (safe; 1% risk of failure)
Press: ? - help, Shift-Dir - straight line, f/p - centaur
Aim: a centaur, quivering 20 arrows (heavily wounded, encased in ice)
You freeze the centaur!
The centaur is almost dead.
The centaur is no longer encased in ice.
The centaur hits you!
You die...

#....#.##
#....#.#
#...(.<#
#......#
#......#
#......#
#......#
#......#
#@#######
#c##....#+##.
#.(..........
###(.........
#..........
#..........
#..........
#..........
#..........


You could see a centaur.

Vanquished Creatures
  2 ice beasts
  2 ogres
  An orc wizard (D:3)
  A worker ant (D:4)
  4 adders
  2 oozes
  2 worms (D:2)
  2 dart slugs
  5 leopard geckos
  4 orcs
  5 giant cockroaches
  7 goblins
  11 hobgoblins
  2 jackals (D:1)
  6 kobolds
  2 quokkas
  7 bats
  6 frilled lizards
  A quokka skeleton (D:3)
  7 rats
79 creatures vanquished.

Notes
Turn   | Place    | Note
-------+----------+-------------------------------------------
     0 | D:1      | Kohma the Draconian Ice Elementalist began the quest for
                  | the Orb.
     0 | D:1      | Reached XP level 1. HP: 14/14 MP: 3/3
   452 | D:1      | Reached XP level 2. HP: 16/22 MP: 3/5
   846 | D:1      | Reached skill level 1 in Fighting
   978 | D:1      | Reached XP level 3. HP: 28/28 MP: 4/6
   983 | D:1      | Learned a level 3 spell: Frozen Ramparts
  1894 | D:2      | Reached XP level 4. HP: 35/35 MP: 3/8
  2383 | D:3      | Found a faded altar of an unknown god.
  2507 | D:3      | Reached skill level 5 in Ice Magic
  2719 | D:3      | Reached XP level 5. HP: 41/41 MP: 6/9
  2849 | D:3      | Noticed an ogre
  2872 | D:3      | Killed an ogre
  2872 | D:3      | Reached skill level 1 in Long Blades
  3117 | D:4      | Noticed an ogre
  3131 | D:4      | Killed an ogre
  3131 | D:4      | Reached XP level 6. HP: 38/50 MP: 5/11
  3215 | D:4      | Found a glowing silver altar of Zin.
  3220 | D:4      | Found a sparkling altar of Nemelex Xobeh.
  3223 | D:4      | Found a white marble altar of Elyvilon.
  3226 | D:4      | Found an ornate altar of the Wu Jian Council.
  3821 | D:4      | Noticed an ice beast
  3833 | D:4      | Killed an ice beast
  4202 | D:5      | Entered Level 5 of the Dungeon
  4216 | D:5      | Noticed an ice beast
  4287 | D:5      | Killed an ice beast
  4287 | D:5      | Reached skill level 6 in Ice Magic
  4287 | D:5      | Your scales start taking on a fiery red colour.
  4287 | D:5      | Reduced skill Ice Magic to level 5
  4287 | D:5      | Reached XP level 7. HP: 32/57 MP: 4/13
  4287 | D:5      | Gained mutation: Your flesh is heat resistant. (rF+) [Red
                  | Draconian growth]
  4449 | D:5      | Slain by a centaur

Levels and vault maps discovered:
D:1:      ncdulo_lavacross, layout_basic, ebering_dispersal_statue_hall
D:2:      layout_basic
D:3:      layout_loops_cross, chequers_ecumenical_altar_island,
          nrook_mini_vaults
D:4:      layout_loops_ring, grunt_temple_overflow_cloverleaf, first_ration,
          minmay_door_square, minmay_fractal_squares_5
D:5:      layout_basic, basic_altar, supply_closet_lemuel,
          roderic_serpentine_path, serial_bayou_pond_d, kennysheep_flooded_box

Skill      XL: |  1  2  3  4  5  6 |
---------------+-------------------+-----
Fighting       | 1 2 3 |  3.4
Spellcasting   | 3 4 |  4.0
Ice Magic      | 5 5 |  5.1
Long Blades    | 1 2 |  2.3
Dodging        | |  1.7
Stealth        | |  1.7

Action                   |  1- 3 |  4- 6 |  7- 9 || total
-------------------------+-------+-------+-------++-------
Melee: Club              |    17 |       |       ||    17
       Unarmed           |     6 |       |       ||     6
       Dagger            |    74 |    91 |     8 ||   173
       Tailslap          |     4 |     7 |     1 ||    12
 Cast: Freeze            |    29 |     1 |     3 ||    33
       Frozen Ramparts   |     8 |    28 |     1 ||    37
  Use: Scroll            |       |     2 |       ||     2
  Eat: Chunk             |     4 |     8 |       ||    12
       Ration            |       |     1 |       ||     1
Armor: Skin              |    37 |    36 |     1 ||    74
Dodge: Dodged            |    67 |    73 |    10 ||   150

Table legend:
 A = Non-vault XP
 B = Vault XP
 C = Vault XP percentage of total XP
 D = Non-vault monster count
 E = Vault monster count
 F = Vault count percentage of total count
                 A         B        C        D         E       F
            +---------+---------+-------+---------+---------+-------
      Total |     751 |      17 |   2.2 |      76 |       3 |   3.8
            +---------+---------+-------+---------+---------+-------
        D:1 |      52 |       0 |   0.0 |      29 |       0 |   0.0
        D:2 |      51 |       0 |   0.0 |      15 |       0 |   0.0
        D:3 |     217 |       0 |   0.0 |      24 |       0 |   0.0
        D:4 |     293 |      17 |   5.5 |       6 |       3 |  33.3
        D:5 |     138 |       0 |   0.0 |       2 |       0 |   0.0
            +---------+---------+-------+---------+---------+-------
